 Dungeon Sprint DCSS version 0.19-a0-1005-gf5a4b3b (webtiles) character file.

3734 Musica the Bludgeoner (level 9, -1/104 HPs)
             Began as a Minotaur Monk on July 19, 2016.
             Was a Believer of Hepliaklqana.
             Splashed by an oklob plant's acid (10 damage)
             ... in the Dungeon (Sprint I: "Red Sonja").
             The game lasted 00:09:16 (2204 turns).

Musica the Bludgeoner (Minotaur Monk)               Turns: 2204, Time: 00:09:17

Health: -1/104     AC: 12    Str: 16    XL:     9   Next: 92%
Magic:  8/8        EV:  4    Int:  7    God:    Hepliaklqana [**....]
Gold:   320        SH: 16    Dex: 16    Spells: 0 memorised, 8 levels left

rFire  . . .     SeeInvis .     k - +0 mace of the Ass {freeze, *Drain rC+ rN+} (curse)
rCold  + . .     Gourm    .     j - +1 chain mail
rNeg   + . .     Faith    .     p - +2 large shield {AC+3}
rPois  .         Spirit   .     (helmet restricted)
rElec  .         Dismiss  .     (no cloak)
rCorr  .         Reflect  .     (no gloves)
SustAt .         Harm     .     (no boots)
MR     .....     NoTele   +     (no amulet)
Stlth  ..........               (no ring)
                                (no ring)

@: not resistant to hostile enchantments, extremely unstealthy
A: retaliatory headbutt, horns 2
a: Recall Ancestor, Ancestor Identity, Renounce Religion


You were in the Dungeon.
You worshipped Hepliaklqana.
Hepliaklqana was pleased with you.
You were not hungry.

You visited 1 branch You collected 947 gold pieces.
You spent 627 gold pieces at shops.

Inventory:

Hand Weapons
 a - a +0 mace
 f - a +0 blowgun
 k - the cursed +0 mace of the Ass (weapon) {freeze, *Drain rC+ rN+}
   (You bought it in a shop in the Dungeon)

   It has been specially enchanted to freeze those struck by it, causing extra
   injury to most foes and up to half again as much damage against particularly
   susceptible opponents.
   It can also slow down cold-blooded creatures.
   It protects you from cold.
   It protects you from negative energy.
   It causes draining when unequipped.
   It has a curse placed upon it.
 m - the cursed +0 flail "Uffy" {crush, *Confuse rElec rPois}
   (You found it in the Dungeon)

   It inflicts extra damage upon your enemies.
   It insulates you from electricity.
   It protects you from poison.
   It may confuse you when you take damage.
   It has a curse placed upon it.
 r - a +0 shortbow
Missiles
 h - 5 curare-tipped needles
 q - 14 poisoned needles
 s - 33 arrows
Armour
 j - a +1 chain mail (worn)
 o - a troll hide
 p - a +2 large shield of protection (worn)
Wands
 b - a wand of teleportation (4/9)
Scrolls
 i - a scroll of blinking
 t - a scroll of identify
Potions
 d - 4 potions of curing
 g - 3 potions of magic
Books
 e - a book of Power

   Spells                             Type                      Level
   a - Fulminant Prism                Conjuration/Hexes            4
   b - Iskenderun's Mystic Blast      Conjuration                  4
   c - Venom Bolt                     Conjuration/Poison           5
   d - Bolt of Magma                  Conjuration/Fire/Earth       5
   e - Iron Shot                      Conjuration/Earth            6
   f - Orb of Destruction             Conjuration                  7
   g - Spellforged Servitor           Conjuration/Summoning        7
Comestibles
 c - a meat ration


   Skills:
 + Level 17.7 Fighting
 + Level 18.3 Maces & Flails
 - Level 3.2 Dodging
 - Level 1.5 Stealth
 * Level 5.5 Shields


You had 8 spell levels left.
You didn't know any spells.

Dungeon Overview and Level Annotations

Branches:
Dungeon (1/1)

Altars:
Cheibriados
Dithmenos
Elyvilon
Fedhas
Gozag
Hepliaklqana
Kikubaaqudgha
Makhleb
Nemelex Xobeh
Okawaru
Pakellas
Qazlal
Ru
Sif Muna
Trog
Uskayaw
Vehumet
Xom
Yredelemnul
Zin
The Shining One
Jiyva

Shops:
D *%[

Annotations:
D exclusion: oklob plant


Innate Abilities, Weirdness & Mutations

You reflexively headbutt those who attack you in melee.
You have a pair of horns on your head.


Message History

You block the splash of acid.
You hit the oklob plant but do no damage.
The oklob plant is severely damaged.
The oklob plant spits acid at you. You block the splash of acid.
You hit the oklob plant. You freeze the oklob plant.
The oklob plant is severely damaged.
You are no longer corroded.
You hit the oklob plant but do no damage.
The oklob plant is severely damaged.
You hit the oklob plant but do no damage.
The oklob plant is severely damaged.
You hit the oklob plant but do no damage.
The oklob plant is severely damaged.
You hit the oklob plant but do no damage.
You headbutt the oklob plant, but do no damage.
The oklob plant is severely damaged.
The oklob plant spits acid at you. The splash of acid hits you!
The acid burns!
You die...

###################**************
..#..'..#__#..')..#,,*,,,,+,,,,,,
..').#..'^.'..#)..#*+*,****,,,,,*
#'#####'#__####...+,,*,*,***,,,**
..#...#(####§.#####,,+,*+*,***+*,
###..##.#≈§§§§#§§#*+****,,,*,*,**
__##'#..+≈§§§§§§§#,,,,,*,,,***,,*
...'..._#≈§§§§#§R#,,,,,+,,,,,**,*
._##_.#'##'#####@#**,,,*,,,,,*,,*
__###)#.#.)..###P+,*,,,***++**,**
#####.####'###[###,*,,***,,***,,*
...'...'.....'.∩#*,*,,****,,***,,
####...##########*,**+*,,*,,*,***
,*###.###,,,,,,,**,**,*,,,,,,,,,*
,,#.#'#.#,,,,,,,,+,****,,,,,,,,,*
,,#.....#+++******,*,,+,,,,,,****
,,#.)...#,,,,,,,,*,*****,,,***,,,


You could see the friendly Sosibius the hexer and an oklob plant.

Vanquished Creatures
  Sonja (D)
  A deep troll (D)
  2 kobold demonologists (D)
  Sigmund (D)
  A yak (D)
  A giant eyeball (D)
  A wasp (D)
  An ogre (D)
  A jelly (D)
  Ijyb (D)
  4 ballistomycetes (D)
15 creatures vanquished.

Vanquished Creatures (collateral kills)
  2 centaur warriors (D)
  A slime creature (D)
3 creatures vanquished.

Vanquished Creatures (others)
  A gargoyle (D)
  2 hexers (D)
  2 giant spores (D)
5 creatures vanquished.

Grand Total: 23 creatures vanquished

Notes
Turn   | Place    | Note
-------+----------+-------------------------------------------
     0 | D        | Musica the Minotaur Monk began the quest for the Orb.
     0 | D        | Reached XP level 1. HP: 19/19 MP: 0/0
     2 | D        | Noticed Ijyb
    14 | D        | Killed Ijyb
    14 | D        | Reached skill level 6 in Maces & Flails
    14 | D        | Reached XP level 2. HP: 18/30 MP: 1/1
   126 | D        | Noticed an ogre
   134 | D        | Killed an ogre
   134 | D        | Reached skill level 8 in Maces & Flails
   134 | D        | Reached XP level 3. HP: 31/41 MP: 2/2
   134 | D        | Reached XP level 4. HP: 37/49 MP: 3/3
   148 | D        | Noticed Sigmund
   158 | D        | Killed Sigmund
   158 | D        | Reached skill level 11 in Maces & Flails
   158 | D        | Reached XP level 5. HP: 12/60 MP: 4/4
   158 | D        | Reached XP level 6. HP: 13/68 MP: 5/5
   441 | D        | Found a deep blue altar of Sif Muna.
   443 | D        | Found a radiant altar of Vehumet.
   462 | D        | Found Ceumomn's Food Emporium.
   462 | D        | Found a white marble altar of Elyvilon.
   462 | D        | Found a stormy altar of Qazlal.
   462 | D        | Found a burning altar of Makhleb.
   462 | D        | Found a sacrificial altar of Ru.
   462 | D        | Found a hazy altar of Hepliaklqana.
   462 | D        | Found an oddly glowing altar of Pakellas.
   462 | D        | Found a hide-covered altar of Uskayaw.
   462 | D        | Found a basalt altar of Yredelemnul.
   462 | D        | Found a glowing golden altar of the Shining One.
   462 | D        | Found a sparkling altar of Nemelex Xobeh.
   462 | D        | Found a shimmering altar of Xom.
   462 | D        | Found an opulent altar of Gozag.
   462 | D        | Found an ancient bone altar of Kikubaaqudgha.
   462 | D        | Found a glowing silver altar of Zin.
   462 | D        | Noticed a yak
   473 | D        | Killed a yak
   473 | D        | Reached skill level 12 in Maces & Flails
   474 | D        | Found an iron altar of Okawaru.
   477 | D        | Found a bloodstained altar of Trog.
   482 | D        | Became a worshipper of Hepliaklqana
   482 | D        | Reached * piety under Hepliaklqana
   482 | D        | Reached ** piety under Hepliaklqana
   483 | D        | Remembered your ancestor Sosibius as a hexer
   668 | D        | Killed a gargoyle
   706 | D        | Found a snail-covered altar of Cheibriados.
   706 | D        | Found a viscous altar of Jiyva.
   706 | D        | Found a shadowy altar of Dithmenos.
   706 | D        | Found a blossoming altar of Fedhas.
   706 | D        | Noticed a slime creature
   715 | D        | Killed a slime creature
   715 | D        | Reached skill level 13 in Maces & Flails
   715 | D        | Reached XP level 7. HP: 41/79 MP: 6/6
   914 | D        | Bought a meat ration for 60 gold pieces
   934 | D        | Noticed a kobold demonologist
   935 | D        | Noticed a kobold demonologist
   941 | D        | Noticed a neqoxec
   947 | D        | Noticed an orange demon
   952 | D        | Noticed an ice devil
   952 | D        | Killed a kobold demonologist
   952 | D        | Reached skill level 14 in Maces & Flails
   952 | D        | Reached XP level 8. HP: 71/90 MP: 7/7
   959 | D        | Killed a kobold demonologist
   959 | D        | Reached skill level 15 in Maces & Flails
  1114 | D        | Noticed Sonja
  1120 | D        | Killed Sonja
  1120 | D        | Reached skill level 15 in Fighting
  1120 | D        | Reached skill level 16 in Maces & Flails
  1143 | D        | Found Detapoob's Assorted Antiques.
  1151 | D        | Bought a dazzling mace for 192 gold pieces
  1151 | D        | Identified the cursed +0 mace of the Ass {freeze, *Drain rC+ rN+} (You bought it in a shop in the Dungeon)
  1435 | D        | Got a brightly glowing flail
  1465 | D        | Bought a scroll labeled REIWNO LEPT for 24 gold pieces
  1466 | D        | Bought a scroll labeled ORAOPTAKKU for 24 gold pieces
  1467 | D        | Bought a scroll labeled TOF EPSIOLOTI for 24 gold pieces
  1468 | D        | Bought a scroll labeled LOUHYL LOWNAOLL for 24 gold pieces
  1468 | D        | Identified the cursed +0 flail "Uffy" {crush, *Confuse rElec rPois} (You found it in the Dungeon)
  1605 | D        | Noticed a deep troll
  1617 | D        | Killed a deep troll
  1617 | D        | Reached skill level 17 in Maces & Flails
  1617 | D        | Reached XP level 9. HP: 27/101 MP: 8/8
  1631 | D        | Found Eklev's Armour Emporium.
  1643 | D        | Bought a +2 large shield of protection for 279 gold pieces
  1901 | D        | Noticed a centaur warrior
  1901 | D        | Noticed a centaur warrior
  1915 | D        | Killed a centaur warrior
  1923 | D        | Killed a centaur warrior
  1923 | D        | Reached skill level 18 in Maces & Flails
  1923 | D        | Reached skill level 5 in Shields
  2180 | D        | Noticed an oklob plant
  2204 | D        | Splashed by an oklob plant's acid

Vault maps used:
D:        dungeon_sprint_1

Skill      XL: |  1  2  3  4  5  6  7  8  9 |
---------------+----------------------------+-----
Fighting       | 6 8 11 13 14 16 17 | 17.7
Maces & Flails | 6 8 11 13 14 17 18 | 18.3
Shields        | 5 |  5.5
Dodging        | |  3.2
Stealth        | |  1.5

Action                   |  1- 3 |  4- 6 |  7- 9 || total
-------------------------+-------+-------+-------++-------
Melee: Mace              |    15 |    30 |    99 ||   144
       Headbutt          |     3 |    11 |    21 ||    35
Invok: Ancestor Life: He |       |     1 |       ||     1
  Use: Potion            |     2 |     1 |     2 ||     5
       Scroll            |       |       |     5 ||     5
 Stab: Distracted        |       |       |     2 ||     2
  Eat: Bread ration      |       |       |     2 ||     2
Armor: Robe              |     2 |       |       ||     2
       Chain mail        |       |     4 |    29 ||    33
Dodge: Dodged            |     6 |     6 |    22 ||    34
Block: Large shield      |       |       |    20 ||    20
